 Dungeon Crawl Stone Soup version 0.29.0-11-gd7f09526c8 (webtiles) character file.

Game seed: 8972377190627748736

489628 tilp the Gelid (level 23, -23/213 (215) HPs)
             Began as a Pale Draconian Ice Elementalist on Sept 5, 2022.
             Was the Champion of Vehumet.
             Blown up by a lich (83 damage)
             ... with an orb of destruction
             ... on level 3 of the Abyss on Sept 6, 2022.
             The game lasted 03:51:55 (100567 turns).

tilp the Gelid (Pale Draconian Ice Elementalist)  Turns: 100567, Time: 03:51:56

HP:   -23/213 (215) AC: 23    Str: 15    XL:     23   Next: 85%
MP:   4/42          EV: 18    Int: 29    God:    Vehumet [******]
Gold: 1320          SH:  0    Dex: 12    Spells: 8/52 levels left

rFire   . . .      SeeInvis +   a - +9 quick blade (freeze)
rCold   + . .      Faith    .   e - orb {light}
rNeg    . . .      Spirit   .   (body armour unavailable)
rPois   .          Reflect  .   S - +2 hat
rElec   .          Harm     .   t - +2 cloak {Stlth+}
rCorr   .          Rampage  .   w - +2 pair of gloves {hurl}
Will    +++..                   T - +3 pair of mountain boots {steadfast, rC+}
Stlth   ++........              W - amulet of magic regeneration
HPRegen 0.45/turn               m - ring "Coubli" {Will+ SInv}
MPRegen 0.68/turn               Q - ring "Jeovobe" {Will+ Str+3 Int+6}

@: flying (expiring), hasted, glowing, studying Fighting, lightly drained, very
quick
A: breathe steam, AC +11, unfitting armour, cold-blooded, steam resistance,
clumsy 1
}: 2/15 runes: barnacled, gossamer
a: Breathe Steam, Renounce Religion


You were on level 3 of the Abyss.
You worshipped Vehumet.
Vehumet was exalted by your worship.
You visited 8 branches of the dungeon, and saw 41 of its levels.
You visited the Abyss 2 times.
You visited 1 bazaar.
You also visited: Sewer, Bailey, Gauntlet and Ice Cave.

You collected 7441 gold pieces.
You spent 6121 gold pieces at shops.

Inventory:

Hand Weapons
 a - a +9 quick blade of freezing (weapon)
 g - the +8 great sword of Midsummer {flame, Drain Dex+7}
   (You found it on level 2 of the Depths)

   It burns those it strikes, dealing additional fire damage.
   Big, fiery blades are also staple armaments of hydra-hunters.
   Dex:       It affects your dexterity (+7).
   Drain:     It drains your maximum health when unequipped.
Missiles
 h - 45 boomerangs
 r - 9 silver javelins (quivered)
 y - 5 throwing nets
 A - 10 curare-tipped darts
 J - 11 silver boomerangs
 R - 31 javelins
Armour
 e - an orb of light (worn)
 t - a +2 cloak of stealth (worn)
 w - a +2 pair of gloves of hurling (worn)
 S - a +2 hat (worn)
 T - the +3 pair of mountain boots (worn) {steadfast, rC+}
   (You acquired it on level 1 of the Dungeon)

   It prevents involuntary movement, except for blinking, teleportation, or
   banishment.
   rC:        It protects you from cold.
Magical Staves
 b - a staff of conjuration
Jewellery
 m - the ring "Coubli" (left hand) {Will+ SInv}
   (You took it off a merfolk impaler on level 2 of the Shoals)

   [ring of see invisible]

   SInv:      It lets you see invisible.
   Will:      It increases your willpower.
 z - a ring of poison resistance
 F - a ring of protection from fire
 K - the amulet "Inkeke" {Reflect rF+ SH+5}
   (You bought it in a shop in a bazaar)

   [amulet of reflection]

   It reflects blocked missile attacks.
   rF:        It protects you from fire.
   SH:        It affects your SH (+5).
 M - an amulet of regeneration
 Q - the ring "Jeovobe" (right hand) {Will+ Str+3 Int+6}
   (You found it in a Gauntlet)

   [ring of intelligence]

   Str:       It affects your strength (+3).
   Int:       It affects your intelligence (+6).
   Will:      It increases your willpower.
 W - an amulet of magic regeneration (around neck)
Wands
 d - a wand of quicksilver (14)
 C - a wand of paralysis (42)
 O - a wand of mindburst (17)
 X - a wand of roots (11)
 Y - a wand of polymorph (15)
Scrolls
 c - 12 scrolls of teleportation
 k - 4 scrolls of summoning
 o - 7 scrolls of blinking
 s - 4 scrolls of butterflies
 v - 4 scrolls of fear
 x - 5 scrolls of magic mapping
 E - 8 scrolls of vulnerability
Potions
 i - 5 potions of mutation
 j - 14 potions of curing
 l - 4 potions of attraction
 n - 15 potions of might
 p - 7 potions of haste
 q - 6 potions of brilliance
 u - 5 potions of resistance
 B - a potion of magic
 D - 3 potions of flight
 H - 10 potions of heal wounds
 I - 2 potions of cancellation
 L - 3 potions of invisibility
 V - 3 potions of ambrosia
Miscellaneous
 f - a lightning rod (4/4)
 G - a condenser vane
 N - a phantom mirror (inert)
 P - a box of beasts (inert)
 U - a tin of tremorstones (2/2)
 Z - a phial of floods


   Skills:
 - Level 20.0 Fighting
 - Level 8.0 Short Blades
 - Level 6.0 Throwing
 - Level 15.0 Dodging
 - Level 10.0 Stealth
 - Level 15.0 Spellcasting
 - Level 18.0 Conjurations
 - Level 4.0 Hexes
 - Level 6.0 Translocations
 - Level 8.0 Transmutations
 + Level 20.9 Ice Magic
 - Level 6.0 Air Magic
 - Level 10.0 Earth Magic
 + Level 14.0 Evocations


You had 8 spell levels left.
You knew the following spells:

 Your Spells              Type           Power      Damage    Failure   Level
a - Irradiate             Conj/Tmut      38%        3d24      1%          5
b - Frozen Ramparts       Ice            100%       1d16      0%          3
c - Ozocubu's Armour      Ice            97%        N/A       0%          3
d - Hailstorm             Conj/Ice       94%        3d19      0%          4
e - Stone Arrow           Conj/Erth      100%       3d13      0%          3
f - Swiftness             Air            54%        N/A       1%          3
g - Orb of Destruction    Conj           45%        9d12      1%          7
h - Iskenderun's Mystic   Conj/Tloc      74%        2d15      1%          4
i - Airstrike             Air            27%        2d(4-20)  1%          4
j - Iron Shot             Conj/Erth      40%        9d8       1%          6
k - Blink                 Tloc           100%       N/A       1%          2

Your spell library contained the following spells:

 Spells                   Type           Power      Damage    Failure   Level
 Lehudib's Crystal Spear  Conj/Erth      40%        10d10     13%         8
 Polar Vortex             Ice            48%        N/A       11%         9
 Freeze                   Ice            100%       1d11      0%          1
 Magic Dart               Conj           100%       1d8       0%          1
 Shock                    Conj/Air       100%       1d9       0%          1
 Searing Ray              Conj           100%       2d8       0%          2
 Apportation              Tloc           100%       N/A       1%          1
 Beastly Appendage        Tmut           100%       N/A       1%          1
 Sandblast                Erth           100%       2d20      1%          1
 Ensorcelled Hibernation  Hex/Ice        100%       N/A       1%          2
 Passwall                 Tmut/Erth      54%        N/A       1%          2
 Scorch                   Fire           42%        2d7       1%          2
 Static Discharge         Conj/Air       74%        3-13/arc  1%          2
 Wereblood                Tmut           62%        N/A       1%          2
 Dazzling Flash           Conj/Hex       100%       N/A       1%          3
 Gell's Gravitas          Tloc           54%        N/A       1%          3
 Lesser Beckoning         Tloc           54%        N/A       1%          3
 Mephitic Cloud           Conj/Pois/Air  62%        N/A       1%          3
 Spider Form              Tmut/Pois      44%        N/A       1%          3
 Teleport Other           Tloc           54%        N/A       1%          3
 Flame Wave               Conj/Fire      65%        2d15      1%          4
 Fulminant Prism          Conj/Hex       35%        3d18      1%          4
 Ice Form                 Ice/Tmut       81%        N/A       1%          4
 Fireball                 Conj/Fire      32%        3d14      1%          5
 Iskenderun's Battlesphe  Conj           90%        2d14      1%          5
 Lee's Rapid Deconstruct  Erth           34%        3d18*     1%          5
 Lightning Bolt           Conj/Air       37%        1d55      1%          5
 Metabolic Englaciation   Hex/Ice        38%        N/A       1%          5
 Yara's Violent Unravell  Hex/Tmut       27%        3d12      1%          5
 Conjure Ball Lightning   Conj/Air       37%        3x3d12    1%          6
 Ozocubu's Refrigeration  Ice            48%        4d18      1%          7
 Blade Hands              Tmut           31%        N/A       2%          5
 Starburst                Conj/Fire      32%        6d10      2%          6
 Simulacrum               Ice/Necr       35%        N/A       4%          6
 Manifold Assault         Tloc           54%        N/A       5%          5
 Borgnjor's Vile Clutch   Necr/Erth      25%        N/A       8%          5
 Silence                  Hex/Air        25%        N/A       8%          5
 Anguish                  Hex/Necr       16%        N/A       10%         4
 Alistair's Intoxication  Tmut/Pois      29%        N/A       12%         5
 Summon Forest            Summ/Tloc      19%        N/A       19%         5
 Animate Dead             Necr           21%        N/A       22%         4
 Dispersal                Tloc           27%        N/A       28%         6
 Agony                    Necr           21%        N/A       52%         5
 Storm Form               Tmut/Air       29%        N/A       71%         7
 Maxwell's Capacitive Co  Air            27%        ∞         95%         8
 Death Channel            Necr           10%        N/A       98%         6
 Summon Cactus Giant      Summ           10%        N/A       98%         6
 Enfeeble                 Hex            22%        N/A       98%         7
 Malign Gateway           Summ/Tloc      19%        N/A       99%         7
 Ignition                 Fire           10%        3d5       100%        8
 Summon Horrible Things   Summ           10%        N/A       100%        8
 Chain Lightning          Conj/Air       37%        3d49      97%         9
 Fire Storm               Conj/Fire      32%        8d8       100%        9
 Shatter                  Erth           34%        3d27*     100%        9
 Animate Armour           Summ/Erth      Unusable   N/A       N/A         4

Dungeon Overview and Level Annotations

Branches:
Dungeon (15/15)            Temple (0/1) D:6            Lair (5/5) D:11
 Shoals (4/4) Lair:3       Spider (4/4) Lair:2        Slime (0/5) Lair:5
    Orc (2/2) D:12            Elf (3/3) Orc:2        Vaults (4/5) D:13
  Crypt (0/3) Vaults:2     Depths (4/4) D:15            Zot (0/5) Depths:4
  Sewer (visited)          Bailey (visited)           IceCv (visited)
Gauntlet (visited)

Altars:
Hepliaklqana
Kikubaaqudgha
Makhleb
Okawaru
Sif Muna
Trog
Vehumet
Yredelemnul

Shops:
D:1 ?   D:8 :[   D:12 [   D:13 [   Orc:1 (   Orc:2 :[*(   Elf:1 =   Vaults:3 (
Depths:2 :   Depths:3 ==:

Portals:
Hell: Depths:1 Depths:2 Depths:3 Depths:4
Abyss: Depths:3 Depths:4
Pandemonium: Depths:1 Depths:2 Depths:3
Ziggurat: Depths:1
Trove: Vaults:2 (give +3 storm dragon scales)

Annotations:
Spider:2 inaccessible area (dig?)
Elf:2 4 runed translucent doors
Vaults:4 dig vault


Innate Abilities, Weirdness & Mutations

You can breathe blasts of scalding, opaque steam.
Your pale cyan-grey scales are hard. (AC +11)
You cannot fit into any form of body armour.
You are cold-blooded and may be slowed by cold attacks.
You are immune to the effects of steam.
You are clumsy. (Dex -2)


Message History

The purple draconian shifter is severely wounded.
You hear a trumpeting! x3
Unknown command.
Casting: Iron Shot (mildly dangerous; 1% risk of failure)
Confirm with . or Enter, or press ? or * to list all spells.
Aiming: Iron Shot (mildly dangerous; 1% risk of failure)
Press: ? - help, Shift-Dir - straight line, f/p - purple draconian shifter
Aim: a purple draconian shifter, wielding a +0 long sword and wearing a +0 cloak (steam, severely wounded, haloed, 70% to hit)
The iron shot misses the purple draconian shifter.
The purple draconian shifter is engulfed in a cloud of scalding steam.
The purple draconian shifter breathes dispelling energy at you.
The bolt of dispelling energy misses you.
Unknown command.
Casting: Iron Shot (mildly dangerous; 1% risk of failure)
Confirm with . or Enter, or press ? or * to list all spells.
You don't have enough magic to cast this spell.
Unknown command.
You hit the purple draconian shifter but do no damage.
You tail-slap the purple draconian shifter, but do no damage.
The purple draconian shifter is severely wounded.
Unknown command.
The hellephant blinks!
The lich conjures a glowing orb.
The purple draconian shifter mumbles some strange words.
The purple draconian shifter blinks!
An orb of destruction comes into view.
You open the lid... ...and an elder batfire beast flies out!
The box is emptied!
You are starting to lose your buoyancy.
The hellephant breathes flames at you. The blast of flame hits you!!!!
* * * LOW HITPOINT WARNING * * *
Unknown command.
Aiming: Phantom Mirror
Press: ? - help, Dir - move target, f - hellephant
Aim: a hellephant (heavily wounded, catching its breath, ally target)
You reflect the hellephant with the mirror!
The mirror clouds!
The orb of destruction hits you!!!!
You die...

.# ##§ #.#.. . #.
##.# ####.#.. . ..
#... .. .#.# # ..
§.. #. .. .# .§# #.
#.# #....# # .# #..#
#.## §§.#..#.## ..
#.#.#§.#.._#.. #. #.
. #.#≈⌠.@§≈§§≈≈≈§
.⌠≈..
##≈⌠H.§≈§≈≈≈§≈≈≈§.⌠≈
. ..§⌠..≈§#######
#≈..⌠≈.
..⌠..≈≈*≈§§§≈≈ ##≈
.⌠#. ...Y.≈≈≈§L§.§.
. # ≈.
...#Y≈≈≈≈Y§..8... ##
#.. #§≈≈≈.q§######
.≈≈ § #####≈≈≈≈..##
.. ≈§ .∩≈≈≈≈≈.# φ
+.. § § .


You could see a hellephant (catching breath, ally target), a friendly hellephant
(summoned, catching breath, drained) and a friendly elder batfire beast
(summoned).

Vanquished Creatures
  A juggernaut (Depths:3)
  Frederick (Vaults:4)
  5 caustic shrikes
  4 golden dragons
  A bone dragon (Abyss:2)
  5 tentacled monstrosities
  Rupert (D:15)
  Mlioglotl (Spider:2)
  Asterion (Elf:2)
  8 liches
  A quicksilver dragon (shapeshifter) (Depths:2)
  3 titans (Depths:2)
  A quicksilver dragon (Depths:3)
  4 deep elf blademasters (Elf:3)
  A kraken (Shoals:2)
  Frances (D:14)
  4 tentacled starspawn
  A draconian monk (Depths:4)
  8 sphinxes
  Kirke (D:14)
  3 tengu reavers
  A storm dragon (Depths:4)
  2 shadow dragons
  13 vault wardens
  12 frost giants
  An iron dragon (Depths:1)
  5 fire giants
  6 emperor scorpions
  4 deep elf sorcerers (Elf:3)
  The ghost of MoonlitKnight the Unseen, an adept KoBr of Wu Jian (D:14)
  4 ghost moths
  3 deep elf elementalists (Elf:3)
  The ghost of Flugkiller the Severer, a journeyman MiFi of Okawaru (D:13)
  2 broodmothers (Spider:3)
  4 orc warlords
  11 stone giants
  A draconian stormcaller (Depths:4)
  A spriggan defender (Depths:4)
  3 war gargoyles
  15 ironbound preservers
  19 very ugly things
  2 vampire knights
  7 ironbound thunderhulks
  2 green draconians (Depths:4)
  7 deep elf demonologists
  6 entropy weavers
  4 minotaurs
  4 yellow draconians (Depths:4)
  5 deep elf annihilators
  19 dire elephants
  16 spark wasps
  2 crystal guardians (Vaults:4)
  Snorg (Lair:5)
  8 ettins
  2 deep elf death magi (Elf:3)
  2 merfolk javelineers
  2 jiangshi (Depths:2)
  10 fire dragons
  A green death (Abyss:2)
  10 yaktaur captains
  7 great orbs of eyes
  6 deep elf high priests (Elf:3)
  3 rakshasas
  10 merfolk impalers
  Fannar (Lair:3)
  3 vault guards
  15 boulder beetles
  8 two-headed ogres
  3 merfolk avatars
  2 caustic shrike simulacra (IceCv)
  2 merfolk aquamancers
  4 spriggan air magi
  4 radroaches (Spider:4)
  9 hydras
  A ghost crab (Gauntlet)
  8 ice dragons
  2 peacekeepers (Vaults:4)
  A death knight (D:14)
  2 ogre magi
  14 deep troll shamans
  A jorogumo (Spider:4)
  A two-headed ogre (shapeshifter) (Depths:2)
  12 centaur warriors
  4 catoblepae
  7 death yaks
  15 ironbound frosthearts
  12 satyrs
  14 dancing weapons
  3 spriggan berserkers
  3 vampire magi
  12 deep troll earth magi
  6 tengu warriors
  The ghost of Mesmaeker13 the Trooper, a novice OgWn of Ashenzari (D:6)
  3 thrashing horrors
  A hell knight (Depths:2)
  4 soul eaters
  7 deep elf knights
  6 wretched stars
  6 iron trolls
  2 sixfirhies
  2 skeletal warriors
  2 sun moths (Spider:4)
  Lodul (D:13)
  2 glowing orange brains
  7 pharaoh ants
  2 shadow demons
  6 orb spiders
  11 sea snakes
  74 deep trolls
  A glowing orange brain (shapeshifter) (Abyss:2)
  A lindwurm (shapeshifter) (D:15)
  2 spriggan simulacra (IceCv)
  10 steelbarb worms
  4 bog bodies (IceCv)
  12 starcursed masses (Abyss:2)
  7 deep elf archers
  An obsidian statue (IceCv)
  An anaconda skeleton (Abyss:2)
  2 phantasmal warriors (D:13)
  A harpy (shapeshifter) (D:13)
  11 wizards
  16 ironbound convokers
  13 deep elf zephyrmancers
  2 necromancers
  17 orc knights
  17 deep elf pyromancers
  4 orc sorcerers
  14 wolf spiders
  17 fauns
  23 harpies
  34 ugly things
  19 manticores
  A worldbinder (Abyss:3)
  15 cyclopes
  3 moths of wrath
  26 elephants
  6 black mambas
  9 merfolk sirens
  A rust devil (D:15)
  6 torpor snails
  18 vault sentinels
  5 water nymphs
  An eye of devastation (Gauntlet)
  5 smoke demons
  2 apocalypse crabs
  2 gargoyles
  14 cane toads
  An orange demon (Abyss:2)
  A centaur skeleton (Abyss:2)
  2 efreet
  Maggie (D:9)
  5 kobold demonologists
  A hellion (Abyss:3)
  An unseen horror (D:11)
  13 large abominations
  12 demonic crawlers
  16 freezing wraiths
  8 anaconda simulacra (IceCv)
  A rime drake (Lair:4)
  13 komodo dragons
  47 yaktaurs
  4 tengu conjurers
  4 hellwings
  4 ancient zymes (Abyss:2)
  4 ice devils
  A red devil (D:15)
  2 golden dragon simulacra (IceCv)
  24 merfolk
  6 trolls
  4 wind drakes
  4 polar bears
  The ghost of ToffieWolf the Cleaver, an amateur MiBe of Trog (D:4)
  A polar bear (shapeshifter) (Abyss:2)
  24 tarantellas
  Grinder (D:3)
  8 hornets
  6 raiju
  8 snapping turtles
  8 dream sheep
  A slime creature (shapeshifter) (D:11)
  2 wind drakes (shapeshifter)
  31 slime creatures
  6 blink frogs
  5 air elementals
  34 jumping spiders
  17 water elementals
  A jumping spider (shapeshifter) (Elf:3)
  A centaur simulacrum (D:14)
  8 spriggans
  3 flying skulls (Abyss:2)
  3 shadows (D:11)
  3 wyverns
  21 culicivoras
  6 ynoxinuls
  4 dire elephant simulacra (IceCv)
  10 wraiths
  33 yaks
  A golden eye (Gauntlet)
  A steam dragon (D:7)
  5 basilisks
  2 hogs (D:14)
  14 vampire mosquitoes
  8 neqoxecs
  2 fire elementals
  A fire bat (Abyss:2)
  Edmund (D:4)
  4 chaos spawn
  6 small abominations
  2 minotaur simulacra (IceCv)
  53 redbacks
  4 harpy simulacra (IceCv)
  7 wargs
  A hydra simulacrum (IceCv)
  An acid dragon (shapeshifter) (Abyss:2)
  11 water moccasins
  An acid dragon (D:9)
  A floating eye (shapeshifter) (Depths:4)
  3 hell hounds (Abyss:2)
  45 orc warriors
  An ice beast (D:6)
  4 black bears
  3 alligator simulacra (IceCv)
  12 boggarts
  An ettin simulacrum (IceCv)
  15 centaurs
  13 ogres
  9 wolves
  13 kobold brigands
  2 phantoms
  Blork the orc (D:5)
  2 necrophages (D:6)
  8 bullfrogs
  A scorpion (D:6)
  3 gnoll sergeants
  An earth elemental (Elf:3)
  9 wights
  A lindwurm simulacrum (IceCv)
  11 killer bees
  An electric eel (Lair:2)
  7 howler monkeys
  A quasit (Abyss:3)
  11 orc priests
  Crazy Yiuf (D:3)
  3 gnoll boudas
  5 iguanas
  2 jellies
  5 hell rats (Lair:5)
  16 orc wizards
  Natasha (thrice) (D:3)
  A hound zombie (D:4)
  22 gnolls
  12 adders
  A shadow imp (D:7)
  2 white imps
  2 ufetubi
  An adder zombie (D:4)
  3 worms
  74 orcs
  14 ball pythons
  6 bats
  21 endoplasms
  14 giant cockroaches
  9 goblins
  8 hobgoblins
  4 jackals (D:1)
  7 quokkas
  16 frilled lizards
  30 kobolds
  7 rats
  A spectral goblin (D:2)
  A spectral kobold (D:13)
  2 starspawn tentacles (Abyss:3)
1972 creatures vanquished.

Vanquished Creatures (collateral kills)
  A tentacled monstrosity (Shoals:2)
  Louise (D:15)
  A vault warden (Vaults:1)
  A ghost moth (Spider:4)
  A death knight (D:13)
  An ironbound frostheart (Vaults:1)
  An orb spider (Spider:4)
  A deep elf zephyrmancer (Elf:2)
  A faun (Shoals:4)
  An apocalypse crab (Shoals:2)
  2 merfolk (Shoals:4)
  A redback (Spider:4)
13 creatures vanquished.

Vanquished Creatures (others)
  A wretched star (Abyss:2)
  A merfolk (Shoals:2)
  A water elemental (Shoals:2)
  A human (D:14)
  An orc warrior (Orc:2)
  14 demonic plants (Gauntlet)
  12 fungi
  113 plants
  4 starspawn tentacles
  5 tentacles (Shoals:2)
153 creatures vanquished.

Grand Total: 2138 creatures vanquished

Notes
Turn   | Place    | Note
-------+----------+-------------------------------------------
     0 | D:1      | tilp the Draconian Ice Elementalist began the quest for the
                  | Orb.
     0 | D:1      | Reached XP level 1. HP: 14/14 MP: 3/3
   148 | D:1      | Reached XP level 2. HP: 12/22 MP: 3/5
   696 | D:1      | Found Viodew's Magic Scroll Boutique.
   699 | D:1      | Bought a scroll of identify for 26 gold pieces
   714 | D:1      | Reached skill level 1 in Fighting
   977 | D:1      | Reached XP level 3. HP: 28/28 MP: 6/6
  1140 | D:2      | Learned a level 3 spell: Frozen Ramparts
  1231 | D:2      | Found a faded altar of an unknown god.
  1913 | D:1      | Bought a scroll of identify for 26 gold pieces
  1913 | D:1      | Bought a scroll of teleportation for 39 gold pieces
  1913 | D:1      | Bought a scroll of identify for 26 gold pieces
  1914 | D:1      | Identified a scroll of acquirement
  1914 | D:1      | Acquired 859 gold pieces
  1916 | D:1      | Bought a scroll of identify for 26 gold pieces
  1916 | D:1      | Bought a scroll of identify for 26 gold pieces
  1916 | D:1      | Bought a scroll of acquirement for 676 gold pieces
  1916 | D:1      | Acquired the +3 pair of mountain boots {steadfast, rC+}
  1916 | D:1      | Found the +3 pair of mountain boots {steadfast, rC+}
  1976 | D:3      | Reached XP level 4. HP: 28/36 MP: 3/7
  1982 | D:3      | Reached skill level 5 in Ice Magic
  1986 | D:3      | Learned a level 3 spell: Ozocubu's Armour
  2118 | D:3      | Noticed Grinder
  2122 | D:3      | Paralysed by Grinder for 4 turns
  2129 | D:3      | Paralysed by Grinder for 4 turns
  2317 | D:3      | Noticed Natasha
  2326 | D:3      | Killed Natasha
  2344 | D:3      | Reached XP level 5. HP: 25/41 MP: 0/9
  2512 | D:3      | Noticed Natasha
  2523 | D:3      | Killed Natasha
  2627 | D:3      | Found a runed translucent door.
  2628 | D:3      | Noticed Crazy Yiuf
  2774 | D:3      | Noticed Natasha
  2780 | D:3      | Killed Natasha
  3142 | D:3      | Killed Crazy Yiuf
  3324 | D:4      | Noticed a phantom
  3333 | D:4      | Killed a phantom
  3334 | D:4      | Reached XP level 6. HP: 52/52 MP: 10/10
  3450 | D:4      | Noticed Edmund
  3493 | D:4      | Killed Edmund
  3500 | D:4      | Found a runed translucent gate.
  3500 | D:4      | Found a runed translucent gate.
  3500 | D:4      | Found a runed translucent gate.
  3500 | D:4      | Noticed ToffieWolf's ghost (amateur MiBe)
  3502 | D:4      | Found a basalt altar of Yredelemnul.
  3720 | D:4      | Found a glowing drain.
  3724 | Sewer    | Entered a sewer
  3732 | Sewer    | Your scales start taking on a pale cyan-grey colour.
  3732 | Sewer    | Reached XP level 7. HP: 59/59 MP: 13/13
  3732 | Sewer    | Gained mutation: You are immune to the effects of steam.
                  | [Pale Draconian growth]
  3737 | Sewer    | Learned a level 4 spell: Hailstorm
  4133 | Sewer    | Reached skill level 1 in Conjurations
  4960 | D:5      | Entered Level 5 of the Dungeon
  5258 | D:5      | Reached skill level 5 in Spellcasting
  5394 | D:5      | Noticed Blork the orc
  5405 | D:5      | Killed Blork the orc
  5515 | D:5      | Reached XP level 8. HP: 58/66 MP: 8/15
  5803 | D:6      | Found an ancient bone altar of Kikubaaqudgha.
  6400 | D:6      | Found a transporter.
  6586 | D:6      | Found a transporter.
  6595 | D:6      | Identified the +7 trident of the Skies Above {venom, MP+9
                  | Str+6 Int-2 SInv}
  6595 | D:6      | Identified the +4 ring mail "Yfoitul" {rPois SInv}
  6595 | D:6      | Identified the +2 buckler of Beauty {Rampage}
  6650 | D:6      | Found a staircase to the Ecumenical Temple.
  7117 | D:6      | Reached XP level 9. HP: 67/73 MP: 2/17
  7158 | D:6      | Noticed Mesmaeker13's ghost (novice OgWn)
  7171 | D:6      | Killed Mesmaeker13's ghost
  7172 | D:6      | Reached skill level 5 in Fighting
  7172 | D:6      | Reached skill level 5 in Conjurations
  8765 | D:7      | Found a radiant altar of Vehumet.
  8766 | D:7      | Found a bloodstained altar of Trog.
  8767 | D:7      | Found an iron altar of Okawaru.
  8768 | D:7      | Found a burning altar of Makhleb.
  8774 | D:7      | Became a worshipper of Vehumet
  8779 | D:7      | Learned a level 3 spell: Stone Arrow
  8783 | D:7      | Learned a level 3 spell: Swiftness
  9112 | D:8      | Found Ischick's Antique Armour Emporium.
  9162 | D:8      | Reached XP level 10. HP: 82/84 MP: 12/19
  9343 | D:8      | Reached skill level 1 in Air Magic
  9343 | D:8      | Reached skill level 1 in Evocations
  9442 | D:8      | Reached skill level 1 in Earth Magic
  9594 | D:8      | Found Ygaig's Book Emporium.
  9987 | D:9      | Noticed Maggie
  9994 | D:9      | Killed Maggie
 10054 | D:9      | Reached skill level 10 in Ice Magic
 10067 | D:9      | Found a flagged portal.
 10195 | Bailey   | Entered a bailey
 10203 | Bailey   | Reached * piety under Vehumet
 10203 | Bailey   | Offered knowledge of Foxfire by Vehumet.
 10787 | Bailey   | Noticed an orc knight
 10821 | Bailey   | Killed an orc knight
 11896 | D:9      | Reached XP level 11. HP: 87/94 MP: 15/21
 12161 | D:10     | Entered Level 10 of the Dungeon
 12219 | D:10     | Reached ** piety under Vehumet
 12219 | D:10     | Offered knowledge of Scorch by Vehumet.
 13173 | D:11     | Found a gate leading to a gauntlet.
 13177 | Gauntlet | Entered a Gauntlet
 13177 | Gauntlet | Found a transporter.
 13177 | Gauntlet | Found a transporter.
 13181 | Gauntlet | Found a transporter.
 13181 | Gauntlet | Found a transporter.
 13190 | Gauntlet | Found a transporter.
 13190 | Gauntlet | Noticed a catoblepas
 13195 | Gauntlet | Noticed a soul eater
 13209 | Gauntlet | Noticed a death scarab
 13211 | Gauntlet | Found a transporter.
 13219 | Gauntlet | Found a transporter.
 13219 | Gauntlet | Found a transporter.
 13221 | Gauntlet | Noticed a wretched star
 13223 | Gauntlet | Found a transporter.
 13244 | Gauntlet | Noticed a ghost crab
 13250 | Gauntlet | Found a transporter.
 13257 | Gauntlet | Found a transporter.
 13304 | Gauntlet | Found a transporter.
 13314 | Gauntlet | Found a transporter.
 13328 | Gauntlet | Found a transporter.
 13429 | Gauntlet | Found a transporter.
 13445 | Gauntlet | Found a transporter.
 14171 | Gauntlet | Killed a ghost crab
 14234 | Gauntlet | Identified the ring "Jeovobe" {Will+ Str+3 Int+6}
 14260 | Gauntlet | Identified the +9 dagger of Tunium {pain, rF+}
 14260 | Gauntlet | Noticed a minotaur
 14274 | Gauntlet | Killed a minotaur
 14669 | Gauntlet | Acquired a +5 quick blade
 14796 | D:11     | Noticed a boulder beetle
 14820 | D:11     | Killed a boulder beetle
 14821 | D:11     | Reached skill level 1 in Short Blades
 14821 | D:11     | Reached skill level 5 in Air Magic
 14884 | D:11     | Noticed a purple ugly thing
 14891 | D:11     | Noticed a green ugly thing
 14895 | D:11     | Reached skill level 5 in Dodging
 14896 | D:11     | Noticed a boulder beetle
 14991 | D:11     | Noticed a boulder beetle
 15007 | D:11     | Killed a boulder beetle
 15011 | D:11     | Learned a level 2 spell: Ensorcelled Hibernation
 15040 | D:11     | Noticed an eight-headed hydra
 15043 | D:11     | Killed an eight-headed hydra
 15043 | D:11     | Offered knowledge of Conjure Flame by Vehumet.
 15050 | D:11     | Noticed a two-headed ogre
 15241 | D:10     | Identified the +3 leather armour of Love and Death {rPois
                  | Dex+6}
 15395 | D:11     | Noticed a boulder beetle
 15427 | D:11     | Killed a boulder beetle
 15428 | D:11     | Reached XP level 12. HP: 82/104 MP: 14/22
 15478 | D:11     | Reached skill level 1 in Hexes
 15916 | D:11     | Killed a boulder beetle
 16258 | D:11     | Reached *** piety under Vehumet
 16374 | D:11     | Identified the +11 shortbow of the Conjuring Oracle {speed,
                  | rN++ Dex-5}
 16374 | D:11     | Noticed a centaur warrior
 16402 | D:11     | Noticed a two-headed ogre
 16451 | D:11     | Killed a centaur warrior
 16517 | D:11     | Killed a two-headed ogre
 16601 | D:11     | Killed a two-headed ogre
 16823 | D:11     | Identified the +7 demon blade of Fae Action {venom, Str+2}
 17181 | D:11     | Got the Vellum of Searing Cold
 17187 | D:11     | Learned a level 4 spell: Iskenderun's Mystic Blast
 17286 | D:11     | Offered knowledge of Ignite Poison by Vehumet.
 17439 | D:11     | Noticed a stone giant
 17447 | D:11     | Killed a stone giant
 17604 | D:11     | Found a staircase to the Lair.
 17741 | D:11     | Reached skill level 1 in Translocations
 17824 | D:11     | Identified the ring "Qirghu Oxelai" {AC+4 Dex+5}
 18638 | D:3      | Killed Grinder
 18738 | D:4      | Killed ToffieWolf's ghost
 18739 | D:4      | Reached skill level 10 in Fighting
 18806 | D:8      | Bought a pair of distressingly furry boots for 237 gold
                  | pieces
 18806 | D:8      | Identified the -1 pair of boots of Yrokur {Fly rC+++ Slay-3
                  | SInv} (You bought it in a shop on level 8 of the Dungeon)
 18894 | Lair:1   | Entered Level 1 of the Lair of Beasts
 18926 | Lair:1   | Reached XP level 13. HP: 113/113 MP: 9/23
 19269 | Lair:1   | Reached skill level 5 in Stealth
 20320 | Lair:2   | Found a hole to the Spider Nest.
 20358 | Lair:2   | Reached skill level 5 in Short Blades
 20658 | Lair:2   | Reached **** piety under Vehumet
 20958 | Lair:2   | Reached skill level 10 in Conjurations
 20974 | Lair:2   | Offered knowledge of Lee's Rapid Deconstruction by Vehumet.
 20986 | Lair:2   | Learned a level 4 spell: Airstrike
 22087 | Lair:3   | Identified the +0 ring mail "Coffoali" {-Tele Harm rN++
                  | Regen+}
 22099 | Lair:3   | Noticed Fannar
 22338 | Lair:3   | Found a staircase to the Shoals.
 22664 | Lair:3   | Killed Fannar
 23335 | Lair:3   | Found a burning altar of Makhleb.
 24099 | Lair:4   | Reached XP level 14. HP: 121/121 MP: 9/26
 25069 | Lair:5   | Entered Level 5 of the Lair of Beasts
 25249 | Lair:5   | Found a shimmering blue altar of Sif Muna.
 25346 | Lair:5   | Found a staircase to the Slime Pits.
 25511 | Lair:5   | Reached ***** piety under Vehumet
 25579 | Lair:5   | Offered knowledge of Irradiate by Vehumet.
 25596 | Lair:5   | Learned a level 5 spell: Irradiate
 25621 | Lair:5   | Noticed Snorg
 25634 | Lair:5   | Killed Snorg
 25650 | Lair:5   | Reached skill level 15 in Ice Magic
 25954 | Lair:5   | Identified the +1 scale mail of Generosity {Drain rPois
                  | Str+5 SInv}
 27853 | D:12     | Found a staircase to the Orcish Mines.
 27853 | D:12     | Found Meem's Armour Shop.
 28046 | D:12     | Reached skill level 5 in Evocations
 29204 | D:12     | Reached skill level 5 in Earth Magic
 29292 | Orc:1    | Entered Level 1 of the Orcish Mines
 29463 | Orc:1    | Reached XP level 15. HP: 128/128 MP: 18/28
 29785 | Orc:2    | Entered Level 2 of the Orcish Mines
 29801 | Orc:2    | Offered knowledge of Olgreb's Toxic Radiance by Vehumet.
 30088 | Orc:2    | Found a staircase to the Elven Halls.
 30766 | Orc:2    | Found Geruerph's Antique Armour Boutique.
 30766 | Orc:2    | Found Illiwit's Assorted Antiques.
 30768 | Orc:2    | Found Cokk's Weapon Shoppe.
 30770 | Orc:2    | Found Cifeosum's Book Shop.
 31102 | Orc:1    | Found Nelim's Weapon Emporium.
 31200 | Orc:2    | Bought a pair of glowing boots for 210 gold pieces
 31200 | Orc:2    | Bought a scroll of blinking for 210 gold pieces
 31200 | Orc:2    | Bought a golden potion for 25 gold pieces
 31200 | Orc:2    | Bought a potion of heal wounds for 140 gold pieces
 31837 | D:13     | Noticed Lodul
 31872 | D:13     | Killed Lodul
 32203 | D:13     | Offered knowledge of Orb of Destruction by Vehumet.
 32245 | D:13     | Found Ajimecza's Armour Shop.
 32251 | D:13     | Found a hazy altar of Hepliaklqana.
 32275 | D:13     | Found a runed translucent gate.
 32275 | D:13     | Found a runed translucent gate.
 32275 | D:13     | Found a runed translucent gate.
 32275 | D:13     | Noticed Flugkiller's ghost (journeyman MiFi)
 32601 | D:13     | Found a gate to the Vaults.
 32852 | D:13     | Reached skill level 10 in Spellcasting
 33677 | D:14     | Found a transporter.
 33678 | D:14     | Noticed MoonlitKnight's ghost (adept KoBr)
 33687 | D:14     | Identified the +4 glaive of Paunitwo {flame, Int+4}
 33865 | D:14     | Noticed Kirke
 33872 | D:14     | Killed Kirke
 34113 | D:14     | Noticed Frances
 34122 | D:14     | Killed Frances
 34643 | D:14     | Found a radiant altar of Vehumet.
 34789 | D:14     | Found a transporter.
 34826 | D:15     | Entered Level 15 of the Dungeon
 35019 | D:15     | Found a transporter.
 35038 | D:15     | Found a transporter.
 35113 | D:15     | Noticed Rupert
 35126 | D:15     | Killed Rupert
 35266 | D:15     | Noticed Louise
 35477 | D:15     | Reached XP level 16. HP: 127/138 MP: 6/30
 35951 | D:15     | Learned a level 7 spell: Orb of Destruction
 36136 | D:15     | Found a transporter.
 36223 | D:15     | Found a staircase to the Depths.
 36579 | D:15     | Found a transporter.
 36760 | Spider:1 | Entered Level 1 of the Spider Nest
 38556 | Spider:1 | Offered knowledge of Lightning Bolt by Vehumet.
 39623 | Spider:2 | Reached skill level 10 in Dodging
 39871 | Spider:2 | Found a transporter.
 39990 | Spider:2 | Noticed Mlioglotl
 40013 | Spider:2 | Noticed a tentacled starspawn
 40013 | Spider:2 | Killed Mlioglotl
 40263 | Spider:2 | Found a transporter.
 42201 | Spider:3 | Reached skill level 1 in Transmutations
 43649 | Shoals:1 | Entered Level 1 of the Shoals
 44299 | Shoals:1 | Offered knowledge of Eringya's Noxious Bog by Vehumet.
 44353 | Shoals:1 | Reached XP level 17. HP: 142/148 MP: 17/32
 46922 | Shoals:2 | Noticed a kraken
 47151 | Shoals:2 | Killed a kraken
 47523 | Shoals:2 | Identified the ring "Coubli" {Will+ SInv}
 47621 | Shoals:2 | Noticed a tentacled monstrosity
 47647 | Shoals:2 | Killed a tentacled monstrosity
 47950 | Shoals:2 | Got the Compilation of Mad Ravings
 49542 | Shoals:4 | Entered Level 4 of the Shoals
 50070 | Shoals:4 | Offered knowledge of Ozocubu's Refrigeration by Vehumet.
 51016 | Shoals:4 | Reached skill level 10 in Evocations
 51245 | Shoals:4 | Reached XP level 18. HP: 126/157 MP: 7/34
 52781 | Shoals:4 | Got a barnacled rune of Zot
 52806 | Shoals:4 | Got the Almanac of Unstable Graupel
 53079 | Spider:4 | Entered Level 4 of the Spider Nest
 53122 | Spider:4 | Found a frozen archway.
 53149 | IceCv    | Entered an ice cave
 54047 | IceCv    | Found an ancient bone altar of Kikubaaqudgha.
 54451 | IceCv    | Noticed a lich
 54454 | IceCv    | Killed a lich
 55031 | IceCv    | Reached ****** piety under Vehumet
 55814 | Spider:4 | Offered knowledge of Conjure Ball Lightning by Vehumet.
 60545 | Spider:4 | Got a gossamer rune of Zot
 60561 | Spider:4 | Learned a level 6 spell: Iron Shot
 60764 | D:13     | Killed Flugkiller's ghost
 61290 | D:14     | Offered knowledge of Lehudib's Crystal Spear by Vehumet.
 61290 | D:14     | Offered knowledge of Polar Vortex by Vehumet.
 61290 | D:14     | Offered knowledge of Maxwell's Capacitive Coupling by
                  | Vehumet.
 61330 | D:14     | Reached XP level 19. HP: 150/168 MP: 10/36
 61437 | D:14     | Killed MoonlitKnight's ghost
 61540 | D:14     | Got the Catalogue of Domination
 61819 | Elf:1    | Entered Level 1 of the Elven Halls
 61819 | Elf:1    | Found a runed translucent gate.
 61819 | Elf:1    | Found a runed translucent gate.
 61819 | Elf:1    | Found a runed translucent gate.
 61819 | Elf:1    | Found a runed translucent gate.
 61819 | Elf:1    | Found a runed translucent gate.
 61819 | Elf:1    | Found a runed translucent gate.
 61820 | Elf:1    | Found a runed translucent door.
 61863 | Elf:1    | Found a runed translucent door.
 62133 | Elf:1    | Paralysed by an air elemental for 1 turns
 62461 | Elf:1    | Found Hepn's Jewellery Shop.
 62911 | Elf:2    | Reached skill level 15 in Fighting
 63188 | Elf:2    | Identified the +2 kite shield of the Meager God {Rampage
                  | rElec rF+ SInv}
 63188 | Elf:2    | Noticed Asterion
 63212 | Elf:2    | Killed Asterion
 63525 | Elf:2    | Reached skill level 15 in Conjurations
 64189 | Elf:2    | Found a large runed translucent door.
 64189 | Elf:2    | Found a large runed translucent door.
 64215 | Elf:2    | Found a large runed translucent door.
 64215 | Elf:2    | Found a large runed translucent door.
 64602 | Vaults:1 | Entered Level 1 of the Vaults
 65291 | Vaults:1 | Reached skill level 1 in Throwing
 67923 | Vaults:1 | Identified the ring of Nesovvonk {Fire Fly SInv}
 69405 | Vaults:1 | Reached XP level 20. HP: 178/178 MP: 0/37
 69798 | Vaults:1 | Reached skill level 5 in Transmutations
 70118 | D:8      | Bought an Inescapable Atlas for 476 gold pieces
 70121 | D:8      | Learned a level 2 spell: Blink
 70821 | Vaults:2 | Got the Vellum of the Transmuted Welkin
 71961 | Vaults:2 | Found a staircase to the Crypt.
 71961 | Vaults:2 | Found an ancient bone altar of Kikubaaqudgha.
 71961 | Vaults:2 | Found a basalt altar of Yredelemnul.
 72561 | Vaults:2 | Found a portal to a secret trove of treasure.
 73107 | Vaults:3 | Found Ehuopn's Antique Weapon Shoppe.
 77692 | Vaults:4 | Noticed Frederick
 77718 | Vaults:4 | Killed Frederick
 77719 | Vaults:4 | Reached XP level 21. HP: 85/187 MP: 11/39
 80812 | Elf:3    | Entered Level 3 of the Elven Halls
 80818 | Elf:3    | Found a flickering gateway to a bazaar.
 80857 | Bazaar   | Entered a bazaar
 80925 | Bazaar   | Found Ihegicv Diymn's Book Shoppe.
 80925 | Bazaar   | Found Beiseic's Jewellery Emporium.
 80947 | Bazaar   | Found Byulen's Antique Armour Shoppe.
 80947 | Bazaar   | Found Wagomes's Assorted Antiques.
 80958 | Bazaar   | Bought a scroll of magic mapping for 157 gold pieces
 80958 | Bazaar   | Bought a potion of heal wounds for 105 gold pieces
 80969 | Bazaar   | Found Xiehyut's Antique Weapon Shoppe.
 80969 | Bazaar   | Found Hoich's Jewellery Emporium.
 80980 | Bazaar   | Bought the amulet "Inkeke" {Reflect rF+ SH+5} for 616 gold
                  | pieces
 80980 | Bazaar   | Bought the brooch of Shielding {Spirit SH+8} for 910 gold
                  | pieces
 80980 | Bazaar   | Found the brooch of Shielding {Spirit SH+8}
 81750 | Elf:3    | Identified the +6 spear "Buziocva" {protect, Drain rCorr
                  | Str+4 Int+2}
 82115 | Elf:3    | Identified the +7 mace "Imoyruag" {vorpal, Str+4 Stlth+}
 82252 | Elf:3    | Identified the +5 trident of Godim {speed, rF+ rC+ Dex+5}
 82494 | Elf:3    | Identified the ring "Xuxinuur" {Wiz +Blink}
 82726 | Elf:3    | Reached skill level 5 in Translocations
 83473 | Elf:3    | Identified the +6 sling "Tiovoil" {vorpal, Fly Will+ Str+2}
 83769 | D:15     | Killed Louise
 84407 | Depths:1 | Entered Level 1 of the Depths
 85006 | Depths:1 | Reached skill level 5 in Throwing
 85224 | Depths:1 | Found a one-way gateway to a ziggurat.
 86014 | Depths:1 | Found a one-way gate leading to the halls of Pandemonium.
 86238 | Depths:1 | Identified the +5 ring mail of Paatul {rF++ rC- rCorr
                  | Int+4}
 86528 | Depths:1 | Identified the +6 lajatang "Lyheis" {vorpal, rCorr Int+3}
 86530 | Depths:1 | Identified the +5 long sword of the Vaults {flame, rN+
                  | Str+3}
 86582 | Depths:1 | Reached XP level 22. HP: 195/195 MP: 27/40
 86587 | Depths:1 | Reached skill level 15 in Spellcasting
 86867 | Depths:1 | Reached skill level 10 in Stealth
 86900 | Depths:1 | Reached skill level 10 in Earth Magic
 87268 | Depths:1 | Found a gateway to Hell.
 89449 | Depths:2 | Identified the +8 great sword of Midsummer {flame, Drain
                  | Dex+7}
 89861 | Depths:2 | Found Taprem's Book Shop.
 90191 | Depths:2 | Noticed a caustic shrike
 90197 | Depths:2 | Killed a caustic shrike
 90375 | Depths:2 | Identified the ring of Undoing {rC+ rN+ Str+3}
 91765 | Depths:3 | Found a one-way gate to the infinite horrors of the Abyss.
 91895 | Depths:3 | Noticed a golden dragon
 91905 | Depths:3 | Killed a golden dragon
 92332 | Depths:3 | Found Axeiplont's Jewellery Shop.
 92333 | Depths:3 | Found Xoxkuisk's Book Emporium.
 92334 | Depths:3 | Found Tiemeeg's Jewellery Shop.
 92581 | Depths:3 | Bought a manual of Fighting for 1680 gold pieces
 92610 | Depths:3 | Gained mutation: You are clumsy. (Dex -2) [a neqoxec]
 93490 | Depths:3 | Identified the +0 flail of Annihilation {freeze, Int+8}
 93755 | Depths:3 | Noticed a juggernaut
 93759 | Depths:3 | Reached XP level 23. HP: 184/209 MP: 14/42
 93766 | Depths:3 | Killed a juggernaut
 93767 | Depths:3 | Reached skill level 15 in Dodging
 94399 | Depths:4 | Entered Level 4 of the Depths
 96334 | Depths:4 | Found a gate to the Realm of Zot.
 98206 | Depths:4 | Identified the +2 shortbow of Gonaoss {venom, Str+2}
 98225 | Depths:4 | Noticed a caustic shrike
 98225 | Depths:4 | Noticed a caustic shrike
 98225 | Depths:4 | Noticed a caustic shrike
 98226 | Depths:4 | Noticed a caustic shrike
 98238 | Depths:4 | Killed a caustic shrike
 98239 | Depths:4 | Killed a caustic shrike
 98239 | Depths:4 | Killed a caustic shrike
 98241 | Depths:4 | Killed a caustic shrike
 98646 | Depths:4 | Voluntarily entered the Abyss.
 98734 | Abyss:1  | Found an iron altar of Okawaru.
 99407 | Depths:4 | Escaped the Abyss
 99441 | Depths:3 | Bought an amulet of magic regeneration for 510 gold pieces
 99540 | Depths:3 | Voluntarily entered the Abyss.
 99980 | Abyss:3  | Found a shimmering altar of Xom.
100160 | Abyss:3  | Found a shimmering altar of Xom.
100524 | Abyss:3  | Found a radiant altar of Vehumet.
100538 | Abyss:3  | Found a corrupted altar of Lugonu.
100567 | Abyss:3  | Blown up by a lich

Illustrated notes

Levels and vault maps discovered:
D:1:      lightli_arrival_chessboard, layout_basic, serial_shops,
          nicolae_shop_behind_doors
D:2:      layout_loops_ring, dreamdust_ecumenical_altar_drowned_temple
D:3:      layout_basic, uniq_natasha, uniq_grinder, uniq_crazy_yiuf_cottage
D:4:      layout_loops_corners, nicolae_yredelemnul_ghost_church,
          gup_sewer_entry_spiral, uniq_edmund
D:5:      layout_cave_pools, uniq_blork_the_orc
D:6:      layout_basic, mainiacjoe_overflow_cross_hatched,
          minmay_temple_entry_proselytizer, gammafunk_ghost_gnarly_gnolls
D:7:      layout_loops_ring, mainiacjoe_overflow_alcove_3
D:8:      layout_loops_ring, serial_shops, shop, minivault_23,
          nicolae_stop_n_shop_1
D:9:      layout_long_grid, enter_bailey_5, uniq_maggie
D:10:     layout_basic
D:11:     minmay_the_grid_square_5x5_4x4_mashed
          [minmay_the_grid_square_5x5_fat_x, minmay_the_grid_square_5x5_spiral,
          minmay_the_grid_square_5x5_checkered,
          minmay_the_grid_square_5x5_two_walls_a,
          minmay_the_grid_square_5x5_intrusive_squares,
          minmay_the_grid_square_5x5_prize_monsterx,
          minmay_the_grid_square_5x5_prize_itemx, minmay_the_grid_square_5x5_v,
          minmay_the_grid_square_5x5_minimal,
          minmay_the_grid_square_5x5_prize_pseudospiral,
          minmay_the_grid_square_5x5_prize_waves,
          minmay_the_grid_square_5x5_hourglass,
          minmay_the_grid_square_5x5_slash, minmay_the_grid_square_5x5_meh,
          minmay_the_grid_square_5x5_pentomino_r,
          minmay_the_grid_square_5x5_percent], layout_loops_cross,
          erik_lair_orcish_takeover, gauntlet_entry_generic,
          reono_crystal_passage
D:12:     layout_roguey, orc_david_3, kennysheep_donut,
          kennysheep_generic_room_11
D:13:     layout_big_octagon, david_vaults_4, gammafunk_ghost_nasty_kobolds,
          serial_shops, shop_statue, nicolae_hepliaklqana_monster_ancestors,
          uniq_lodul
D:14:     layout_gridville, nzn_ghost_randoct, hex_tiny, vehumet_crystals,
          uniq_frances, uniq_kirke
D:15:     grunt_enter_depths_snipers, layout_basic, serial_demonic,
          serial_demonic_g, serial_demonic_e, serial_demonic_d,
          serial_demonic_d, serial_demonic_e, serial_demonic_c,
          dreamdust_wishing_well, nrook_mini_backslash,
          nicolae_diode_intersection, uniq_louise, uniq_rupert
Lair:1:   layout_chaotic_city
Lair:2:   layout_hall_layers, hellmonk_spider_entry_life_and_decay,
          wad_woods_03, serial_bayou_shore_b, infiniplex_staircase_pool
Lair:3:   layout_hall_layers, elwin_shoals_entry_rocks, basic_altar,
          patterned_corridor, uniq_fannar
Lair:4:   layout_concentric_octagons, st_stairs_5, grunt_megastairs_2
Lair:5:   grunt_lair_end_beastmaster, layout_regular_city, slime_entry_1,
          basic_altar, eino_small_chamber_without_monster, uniq_snorg
Shoals:1: layout_shoals
Shoals:2: dreamdust_from_the_deep, layout_shoals,
          nicolae_shoals_elemental_ambush
Shoals:3: layout_shoals
Shoals:4: shoals_end_hellmonk_lost_city
Spider:1: layout_spider_delve
Spider:2: gammafunk_boulding_lane, uniq_mlioglotl
Spider:3: layout_chambers, hangedman_spider_tarantella_strand
Spider:4: grunt_spider_rune_circles, portal_ice_cave_entry_pillars_1
Orc:1:    layout_diamond_mine, serial_shops, shop
Orc:2:    st_orc_rangers, layout_caves
Elf:1:    nicolae_elf_arrival_dilemma, layout_loops_ring, serial_shops, shop,
          evilmike_minifort, dreamdust_princess_bridge
Elf:2:    elven_hall_of_blades_hangedman_alternative
          [nicolae_blade_entry_splitting_headache], layout_geoelf_octagon,
          uniq_asterion, uniq_nikola
Elf:3:    minmay_elf_hall_not_hex, layout_rooms, serial_shops, bzr_entry_gold,
          corner_web_ring
Vaults:1: st_quartered_hall, vaults_room_boxed, hangedman_vaults_slice,
          v_pattern_1, nicolae_vaults_border_crossing,
          vaults_mumra_chevron_long, v_alt_pattern_1,
          hangedman_vaults_restitches, vaults_room_ringed_pool,
          hangedman_vaults_restitches, layout_vaults_ring
Vaults:2: hangedman_vaults_stream, nicolae_vaults_ring_of_whatevers, v_misc_11,
          minmay_crypt_entry_necro_gods, ontoclasm_vaults_shuriken,
          vaults_room_fours, layout_vaults_quadrants, enter_trove_6
Vaults:3: hangedman_vaults_cutoff, v_misc_13, nicolae_vaults_mini_display_case,
          grunt_vaults_trifunnel, ontoclasm_vaults_shout, nicolae_vaults_big_ls,
          v_misc_29, grunt_vaults_twisty, vaults_room_stairs_pillars,
          layout_vaults_big_room, serial_shops, shop
Vaults:4: nicolae_vaults_network_periphery, ontoclasm_vaults_gateway,
          ontoclasm_vaults_pinch, grunt_vaults_hallway_long,
          ontoclasm_vaults_hangar, vaults_room_fours, grunt_vaults_hallway_long,
          dpeg_vaults_monster_row, nicolae_vaults_sealed_display,
          nicolae_vaults_ninety_degrees, v_misc_15, v_misc_12,
          vaults_room_pools, v_misc_22, vaults_room_pools,
          layout_vaults_omnibox, uniq_frederick
Depths:1: layout_cave_shapes, enter_ziggurat_b, serial_rivers,
          chequers_serial_rivers_micro_c, chequers_serial_rivers_micro_d,
          chequers_serial_rivers_micro_d, chequers_serial_rivers_large_b,
          chequers_serial_rivers_micro_b, chequers_serial_rivers_small_a,
          minmay_misc_feat_hallway, rand_demon_pan_entry_5, hell_entry,
          minmay_orc_keep
Depths:2: evilmike_diamond_2, layout_gridlike, hangedman_abyss_or_decor_stagger,
          serial_shops, shop, hell_entry, pan_entry
Depths:3: nzn_winding_woodlands_three_and_one
          [nzn_winding_woodlands_5x15_parted, nzn_winding_woodlands_5x15_pool,
          nzn_winding_woodlands_5x15_pockets,
          nzn_winding_woodlands_center_lodge], layout_gridlike, abyss_entry,
          grunt_pan_entry_in_and_out, serial_rivers,
          chequers_serial_rivers_marsh, chequers_serial_rivers_micro_e,
          chequers_serial_rivers_micro_a, chequers_serial_rivers_micro_e,
          minmay_door_square, hell_entry, minmay_shop_grove,
          infiniplex_staircase_zigzag_2
Depths:4: grunt_x_marks_the_spot, layout_gridlike, moated_statue, abyss_entry,
          hell_entry
Abyss:3:  base: Crypt:1, guppyfry_abyss_exit_glass_guarded,
          evilmike_abyss_exit_11, evilmike_abyss_exit_vortex,
          evilmike_abyss_rune_elephants_shrine

Skill      XL: |  1  2  3  4  5  6  7  8  9 10 11 12 13 14 15 16 17 18 19 20 21 22 23 |
---------------+----------------------------------------------------------------------+-----
Stealth        | 2 3 4 6 7 8 9 10 | 10.0
Dodging        | 2 4 5 6 7 8 9 10 11 12 13 14 15 | 15.0
Fighting       | 1 2 3 4 6 8 9 10 11 12 13 14 15 16 18 20 | 20.0
Ice Magic      | 5 6 8 9 10 11 12 13 15 16 17 18 19 20 | 20.9
Spellcasting   | 3 4 5 6 7 8 9 10 11 12 13 14 15 | 15.0
Conjurations   | 3 4 6 7 8 9 10 11 12 13 14 15 16 17 18 | 18.0
Air Magic      | 4 5 6 |  6.0
Evocations     | 4 5 7 8 10 11 12 14 | 14.0
Earth Magic    | 2 4 5 6 8 9 10 | 10.0
Short Blades   | 2 4 6 8 |  8.0
Hexes          | 3 4 |  4.0
Translocations | 1 4 5 6 |  6.0
Transmutations | 2 4 6 8 |  8.0
Throwing       | 2 4 5 6 |  6.0

Action                   |  1- 3 |  4- 6 |  7- 9 | 10-12 | 13-15 | 16-18 | 19-21 | 22-24 || total
-------------------------+-------+-------+-------+-------+-------+-------+-------+-------++-------
Melee: Unarmed           |    11 |       |       |       |       |       |       |       ||    11
       Dagger            |    28 |    33 |       |   193 |   210 |       |       |       ||   464
       Tailslap          |     2 |     7 |    26 |    55 |   192 |   140 |   156 |   155 ||   733
       Punch             |     2 |       |     1 |     3 |    18 |    14 |     3 |       ||    41
       Whip              |       |    63 |   215 |   100 |       |       |       |       ||   378
       Quick blade       |       |       |       |       |   701 |   644 |   542 |   383 ||  2270
Throw: Dart              |       |       |     4 |     3 |     2 |       |       |       ||     9
 Cast: Freeze            |    42 |    22 |    13 |     7 |     7 |       |       |       ||    91
       Frozen Ramparts   |     1 |    10 |    37 |    75 |    77 |    44 |    27 |    11 ||   282
       Ozocubu's Armour  |       |     2 |    13 |    41 |    54 |    35 |    23 |    13 ||   181
       Hailstorm         |       |       |    17 |    63 |    92 |   122 |    91 |    60 ||   445
       Stone Arrow       |       |       |       |    66 |   310 |   491 |   103 |    43 ||  1013
       Ensorcelled Hiber |       |       |       |     1 |     9 |       |       |       ||    10
       Swiftness         |       |       |       |     1 |       |     4 |     1 |       ||     6
       Iskenderun's Myst |       |       |       |       |    21 |    79 |    74 |    58 ||   232
       Orb of Destructio |       |       |       |       |       |   246 |   311 |   213 ||   770
       Irradiate         |       |       |       |       |       |     9 |    11 |     4 ||    24
       Airstrike         |       |       |       |       |       |     4 |    10 |       ||    14
       Iron Shot         |       |       |       |       |       |     5 |   255 |   229 ||   489
Evoke: Wand              |       |       |       |     9 |     5 |    22 |     3 |       ||    39
       Tin of tremorston |       |       |       |     1 |       |     3 |     1 |       ||     5
       Box of beasts     |       |       |       |       |     1 |     5 |     4 |     1 ||    11
       Phantom mirror    |       |       |       |       |     1 |     4 |     3 |     2 ||    10
       Phial of floods   |       |       |       |       |       |     2 |       |       ||     2
       Lightning rod     |       |       |       |       |       |     4 |    15 |       ||    19
       Condenser vane    |       |       |       |       |       |       |       |     2 ||     2
  Use: Potion            |     2 |       |     4 |     4 |       |    14 |       |    12 ||    36
       Scroll            |     8 |     4 |     8 |    10 |    14 |     9 |     1 |     7 ||    61
 Stab: Sleeping          |     7 |    12 |     5 |     2 |    32 |     3 |     2 |     2 ||    65
       Paralysed         |       |       |       |    35 |       |     1 |       |       ||    36
       Invisible         |       |       |       |     1 |       |       |       |       ||     1
       Distracted        |       |       |       |       |     3 |       |     1 |     1 ||     5
       Petrifying        |       |       |       |       |     1 |       |       |       ||     1
       Petrified         |       |       |       |       |     1 |       |       |       ||     1
Armor: Skin              |    22 |    43 |   132 |   143 |   334 |   437 |   220 |   169 ||  1500
Dodge: Dodged            |    43 |    55 |   164 |   200 |   454 |   573 |   387 |   238 ||  2114
Block: Other             |       |       |       |     4 |   153 |    50 |       |       ||   207
       Reflection        |       |       |       |       |    18 |     1 |       |       ||    19
